 Dungeon Crawl Stone Soup version 0.17.1-1-g73c8601 (webtiles) character file.

4632 abixa the Carver (level 10, 0/80 HPs)
             Began as a Human Gladiator on Dec 30, 2015.
             Was a High Priest of Makhleb.
             Slain by a black bear (8 damage)
             ... on level 7 of the Dungeon.
             The game lasted 00:45:19 (12258 turns).

abixa the Carver (Human Gladiator)                 Turns: 12258, Time: 00:45:19

Health: 0/80       AC: 10    Str: 15    XL:     10   Next: 70%
Magic:  15/15      EV: 11    Int:  9    God:    Makhleb [*****.]
Gold:   520        SH:  4    Dex: 17    Spells: 0 memorised, 9 levels left

rFire  . . .     SeeInvis +     a - +0 long sword
rCold  + . .     Clarity  .     T - +1 ring mail {rC+}
rNeg   . . .     SustAt   .     w - +0 buckler
rPois  .         Gourm    .     c - +0 helmet
rElec  .         Spirit   .     L - +0 cloak
rCorr  .         Warding  .     (no gloves)
rMut   .         Stasis   .     (no boots)
MR     .....                    j - amulet of faith
Stlth  +.........               (no ring)
                                s - ring of see invisible

@: starving, not resistant to hostile enchantments, very unstealthy
A: no striking features
a: Minor Destruction, Lesser Servant of Makhleb, Major Destruction, Greater
Servant of Makhleb, Renounce Religion


You were on level 7 of the Dungeon.
You worshipped Makhleb.
Makhleb was extremely pleased with you.
You were starving.

You visited 2 branches of the dungeon, and saw 8 of its levels.

You collected 520 gold pieces.

Inventory:

Hand Weapons
 a - a +0 long sword (weapon)
 q - a +0 hunting sling
Missiles
 b - 13 bolts
 d - 3 throwing nets
 i - 222 stones
 k - 66 sling bullets
 y - 89 arrows
 C - 4 tomahawks of returning
 J - 14 javelins
 K - 14 tomahawks (quivered)
 R - 16 poisoned needles
Armour
 c - a +0 helmet (worn)
 w - a +0 buckler (worn)
 L - a +0 cloak (worn)
 N - a +1 plate armour of magic resistance
 T - a +1 ring mail of cold resistance (worn)
Jewellery
 j - an amulet of faith (around neck)
 p - an uncursed amulet of regeneration
 s - a ring of see invisible (left hand)
 I - a cursed -3 ring of slaying {unknown}
Wands
 Q - a wand of cold (8)
 S - a wand of paralysis (12)
Scrolls
 f - 5 scrolls of recharging
 h - 2 scrolls of remove curse
 n - a scroll of identify
 u - a scroll of enchant armour
 z - a scroll of random uselessness {unknown}
 F - a scroll of blinking {unknown}
 M - 3 scrolls of teleportation
 O - a scroll of magic mapping {unknown}
 P - a scroll of amnesia {unknown}
Potions
 g - a potion of curing
 t - a potion of brilliance {unknown}
 v - 3 potions of cure mutation
 x - 4 potions of might
 A - a potion of mutation {unknown}
 B - 3 potions of agility
 E - a potion of haste {unknown}
 G - 2 potions of flight
 H - a potion of ambrosia {unknown}
Comestibles
 e - 6 bread rations
 l - 2 slices of pizza
 m - 3 meat rations
 o - 3 beef jerkies
 r - a royal jelly


   Skills:
 + Level 7.9 Fighting
 + Level 8.8 Long Blades
 - Level 2.0 Throwing
 + Level 6.8 Armour
 - Level 3.0 Dodging
 + Level 7.6 Invocations


You had 9 spell levels left.
You didn't know any spells.

Dungeon Overview and Level Annotations

Branches:
Dungeon (7/15)             Temple (1/1) D:5

Altars:
Ashenzari
Cheibriados
Dithmenos
Elyvilon
Fedhas
Gozag
Kikubaaqudgha
Makhleb
Nemelex Xobeh
Okawaru
Qazlal
Ru
Sif Muna
Trog
Vehumet
Xom
Yredelemnul
Zin
The Shining One

Annotations:
D:4 exclusion: door


Message History

The black bear claws you.
* * * LOW HITPOINT WARNING * * *
You closely miss the black bear.
The black bear is almost dead.
The black bear bites you.
* * * LOW HITPOINT WARNING * * *
The black bear closely misses you.
The black bear claws you but does no damage.
You hit the black bear but do no damage.
The black bear is almost dead.
The black bear completely misses you. The black bear barely misses you.
The black bear claws you.
* * * LOW HITPOINT WARNING * * *
The black bear bites you but does no damage.
You block the black bear's attack.
The black bear claws you but does no damage.
You hit the black bear but do no damage.
The black bear is almost dead.
The black bear bites you!
You die...

## ############. #########
#............ ........#
#.####..>..>. #@# #.#
#.####..
#h#####.####.####..
########..................
#..............#######.##.
#.#...h..#####.# #....
#.####.# #.# #.##. .. #.#
#.# # #[ #. #.# #.# #.. ..
..# #.# ###


You could see a black bear (berserk).

Vanquished Creatures
  A hippogriff (D:7)
  A hungry ghost (D:7)
  2 sky beasts
  Duvessa (D:4)
  2 water moccasins
  A phantom (D:7)
  An ice beast (D:7)
  3 orc warriors
  7 ogres
  3 centaurs
  2 big kobolds (D:6)
  2 giant frogs (D:6)
  Dowan (D:4)
  3 scorpions
  4 killer bees
  4 giant frog zombies
  A centaur zombie (D:5)
  3 crimson imps
  7 hounds
  5 orc wizards
  3 giant frog skeletons
  2 orc priests
  Ijyb (D:2)
  3 iguanas (D:5)
  A jelly (D:7)
  8 worker ants
  Natasha (thrice) (D:2)
  A hound skeleton (D:4)
  A worker ant zombie (D:7)
  14 gnolls
  12 adders
  3 shadow imps
  2 oozes
  A worm (D:3)
  An adder skeleton (D:4)
  2 giant geckos (D:5)
  27 orcs
  2 ball pythons (D:3)
  2 giant cockroaches
  16 hobgoblins
  4 jackals (D:2)
  3 quokkas
  8 bats
  A giant gecko skeleton (D:4)
  A giant gecko zombie (D:6)
  8 giant newts
  11 goblins
  13 kobolds
  7 rats
215 creatures vanquished.

Vanquished Creatures (collateral kills)
  Joseph (D:7)
  Menkaure (D:7)
  2 killer bees (D:6)
  A shadow imp (D:6)
5 creatures vanquished.

Vanquished Creatures (others)
  A scorpion (D:7)
  An orc wizard (D:7)
  2 worker ants (D:7)
  2 adders
  A giant gecko (D:7)
  2 orcs (D:7)
9 creatures vanquished.

Grand Total: 229 creatures vanquished

Notes
Turn   | Place    | Note
--------------------------------------------------------------
     0 | D:1      | abixa the Human Gladiator began the quest for the Orb.
     0 | D:1      | Reached XP level 1. HP: 16/16 MP: 1/1
   322 | D:1      | Reached XP level 2. HP: 22/22 MP: 2/2
   579 | D:1      | Reached skill level 4 in Long Blades
   579 | D:1      | Reached XP level 3. HP: 27/27 MP: 3/3
  1614 | D:2      | Reached XP level 4. HP: 30/33 MP: 4/4
  1621 | D:2      | Noticed Natasha
  1658 | D:2      | HP: 1/33 [Natasha/magic dart (9)]
  1660 | D:2      | Killed Natasha
  1660 | D:2      | Reached skill level 5 in Long Blades
  1781 | D:2      | Noticed Natasha
  1784 | D:2      | Killed Natasha
  1808 | D:2      | Noticed Natasha
  1816 | D:2      | Killed Natasha
  2247 | D:2      | Noticed Ijyb
  2261 | D:2      | Killed Ijyb
  2261 | D:2      | Reached XP level 5. HP: 33/39 MP: 5/5
  2513 | D:2      | Found a burning altar of Makhleb.
  2513 | D:2      | Found a blossoming altar of Fedhas.
  2520 | D:2      | Became a worshipper of Makhleb the Destroyer
  3396 | D:3      | Reached XP level 6. HP: 35/47 MP: 6/6
  3670 | D:3      | Reached * piety under Makhleb
  3949 | D:4      | Reached skill level 1 in Armour
  4178 | D:4      | Reached skill level 1 in Invocations
  4315 | D:4      | Found a deep blue altar of Sif Muna.
  4328 | D:4      | Found a snail-covered altar of Cheibriados.
  4371 | D:4      | Reached XP level 7. HP: 40/52 MP: 8/8
  4543 | D:4      | Reached skill level 6 in Long Blades
  5016 | D:4      | Reached ** piety under Makhleb
  5180 | D:4      | Noticed Duvessa
  5196 | D:4      | Killed Duvessa
  5198 | D:4      | Noticed Dowan
  5223 | D:4      | Killed Dowan
  5223 | D:4      | Reached XP level 8. HP: 34/61 MP: 10/10
  5495 | D:4      | Found an ancient bone altar of Kikubaaqudgha.
  5759 | D:5      | Entered Level 5 of the Dungeon
  6127 | D:5      | Found a staircase to the Ecumenical Temple.
  6134 | Temple   | Entered the Ecumenical Temple
  6236 | D:5      | Reached skill level 5 in Fighting
  6686 | D:5      | Reached skill level 7 in Long Blades
  6815 | D:5      | Reached *** piety under Makhleb
  7365 | D:5      | Reached XP level 9. HP: 60/68 MP: 12/12
  7802 | D:6      | Reached skill level 5 in Invocations
  7833 | D:6      | Reached **** piety under Makhleb
  7866 | D:6      | Found a shattered altar of Ashenzari.
  8197 | D:6      | Reached skill level 5 in Armour
  8372 | D:6      | Found a white marble altar of Elyvilon.
  9329 | D:6      | Reached skill level 8 in Long Blades
  9540 | D:6      | Reached ***** piety under Makhleb
  9788 | D:6      | Reached XP level 10. HP: 12/79 MP: 14/14
 11465 | D:7      | Noticed Joseph
 11475 | D:7      | Killed Joseph
 11506 | D:7      | Noticed Menkaure
 11512 | D:7      | Killed Menkaure
 12149 | D:7      | Found a shimmering altar of Xom.
 12258 | D:7      | Slain by a black bear

Action                   |  1- 3 |  4- 6 |  7- 9 | 10-12 || total
-------------------------+-------+-------+-------+-------++-------
Melee: Long sword        |    91 |   249 |   581 |   250 ||  1171
Throw: Tomahawk          |       |       |    12 |       ||    12
       Stone             |       |       |     6 |       ||     6
Invok: Minor Destruction |       |       |    40 |     3 ||    43
       Major Destruction |       |       |       |     4 ||     4
       Lesser Servant of |       |       |       |     2 ||     2
Evoke: Wand              |       |       |     2 |       ||     2
  Use: Scroll            |       |       |       |     7 ||     7
       Potion            |       |       |       |     1 ||     1
 Stab: Sleeping          |       |     1 |       |       ||     1
       Paralysed         |       |       |     1 |       ||     1
  Eat: Chunk             |     2 |     9 |    20 |     6 ||    37
       Fruit             |       |       |       |     2 ||     2
